 Dungeon Crawl Stone Soup version 0.28-a0-909-g796cbd3a86 (webtiles) character file.

Game seed: 8257674875229200632

103 ders the Caller (level 4, 0/18 HPs)
             Began as a Felid Summoner on Nov 24, 2021.
             Slain by a black bear (4 damage)
             ... on level 4 of the Dungeon.
             The game lasted 00:12:53 (4539 turns).

ders the Caller (Felid Summoner)                    Turns: 4539, Time: 00:12:54

Health: 0/18       AC:  1    Str:  4    XL:     4   Next: 51%
Magic:  8/9        EV: 19    Int: 17    God:
Gold:   138        SH:  0    Dex: 16    Spells: 0/9 levels left
                                        Lives:  0   Deaths: 1

rFire   . . .      SeeInvis +   (weapon unavailable)
rCold   . . .      Faith    .   (shield unavailable)
rNeg    . . .      Spirit   .   (armour unavailable)
rPois   .          Reflect  .   (helmet unavailable)
rElec   .          Harm     .   (cloak unavailable)
rCorr   .          Rampage  .   (gloves unavailable)
Will    .....                   (boots unavailable)
Stlth   ++........              (no amulet)
HPRegen 0.06/turn               (no ring)
MPRegen 0.11/turn               (no ring)

@: quick
A: very small, claws 1, fangs 3, see invisible, speed 1, shaggy fur 1, stealthy
paws, no weapons or thrown items, no armour, multi-lived
a: no special abilities


You were on level 4 of the Dungeon.
You visited 1 branch of the dungeon, and saw 4 of its levels.

You collected 138 gold pieces.

Inventory:

Jewellery
 h - an amulet of guardian spirit
 l - a +4 ring of protection
Scrolls
 a - 3 scrolls of identify {unknown}
 b - 3 scrolls of teleportation {unknown}
 c - a scroll of enchant weapon {unknown}
 e - a scroll of amnesia {unknown}
 f - a scroll of enchant armour {unknown}
 j - a scroll of magic mapping {unknown}
 k - a scroll of immolation {unknown}
 m - 2 scrolls of fog {unknown}
 o - a scroll of vulnerability {unknown}
Potions
 d - a potion of cancellation {unknown}
 g - 2 potions of lignification
 i - a potion of flight {unknown}
 n - a potion of heal wounds {unknown}


   Skills:
 + Level 4.7 Dodging
 - Level 2.6 Stealth
 + Level 3.3 Spellcasting
 + Level 5.0 Summonings


You couldn't memorise any spells.
You knew the following spells:

 Your Spells              Type           Power      Damage    Failure   Level
a - Call Canine Familiar  Summ           19%        N/A       6%          3
b - Call Imp              Summ           19%        N/A       3%          2
c - Summon Small Mammal   Summ           76%        N/A       2%          1
d - Summon Guardian Gole  Hex/Summ       11%        N/A       19%         3

Your spell library contained the following spells:

 Spells                   Type           Power      Damage    Failure   Level
 Summon Lightning Spire   Summ/Air       11%        N/A       52%         4


Dungeon Overview and Level Annotations

Branches:
Dungeon (4/15)
 Temple: D:4-7

Altars:


Innate Abilities, Weirdness & Mutations

You have sharp claws.
You have razor-sharp teeth.
You have supernaturally acute eyesight. (SInv)
You cover ground quickly. (Speed+)
You are covered in fur. (AC +1)
Your paws help you pounce on unaware monsters.
You are incapable of wielding weapons or throwing items.
You cannot wear armour.
You gain extra lives every three experience levels.


Message History

A guardian golem appears, shielding your allies.
The black bear growls angrily.
You swap places.
There is an open door here.
The black bear barely misses your hound.
The black bear claws your hound.
The black bear closely misses your hound.
Your hound bites the black bear but does no damage.
Your hound bites the black bear.
The black bear barely misses your hound.
The black bear claws your hound. x2
Your hound bites the black bear but does no damage.
The black bear bites your hound. The black bear claws your hound. x2
Your hound bites the black bear but does no damage.
Your hound barely misses the black bear.
The black bear barely misses your hound.
The black bear claws your hound. x2
Your hound dies!
Your hound's corpse disappears in a puff of smoke!
What are your orders? t - Meow!
Orders for allies: a - Attack new target. r - Retreat! s - Stop attacking. g - Guard the area. f - Follow me.
Anything else - Cancel.
Gang up on whom?
Press: ? - help, Dir - move target, f - black bear
Aim: a black bear (lightly wounded, ally target) Attack!
The black bear misses you. The black bear claws you. The black bear misses you.
The black bear misses you. The black bear closely misses you.
The black bear completely misses you.
The black bear misses you. x2; The black bear claws you.
The black bear bites you. The black bear claws you.
* * * LOW HITPOINT WARNING * * *
The black bear misses you.
You scratch the black bear but do no damage.
The black bear is lightly wounded.
The black bear bites you.
You die...

.. #...)............. .
#...#........>.... ###.
#.)##.............
#..#######..#..............
#....#......#......#######.
#....#......#......# #.
#....#....9.#......# #)
#....#....h.#......# #.
#....'....@.#......# #.
#############......# #.
######## ##


You could see a black bear (ally target) and a friendly guardian golem
(summoned).

Vanquished Creatures
  A worm (D:2)
  An orc (D:4)
  A bat (D:1)
  A rat (D:1)
4 creatures vanquished.

Vanquished Creatures (collateral kills)
  An orc priest (D:3)
  A nameless horror (D:3)
  A hound skeleton (D:4)
  3 gnolls (D:2)
  3 adders
  An adder skeleton (D:4)
  9 orcs
  2 bats
  7 endoplasms
  A giant cockroach (D:3)
  6 hobgoblins
  2 kobolds
  A quokka (D:4)
  3 ball pythons
  4 frilled lizards
  7 goblins
  6 rats
58 creatures vanquished.

Grand Total: 62 creatures vanquished

Notes
Turn   | Place    | Note
-------+----------+-------------------------------------------
     0 | D:1      | ders the Felid Summoner began the quest for the Orb.
     0 | D:1      | Reached XP level 1. HP: 7/7 MP: 4/4
   465 | D:1      | Reached XP level 2. HP: 11/11 MP: 3/6
  1267 | D:2      | Learned a level 2 spell: Call Imp
  1526 | D:2      | Reached XP level 3. HP: 3/14 MP: 2/7
  2329 | D:2      | Learned a level 3 spell: Call Canine Familiar
  2503 | D:2      | Reached XP level 4. HP: 18/18 MP: 2/9
  3892 | D:3      | Killed from afar by an orc wizard
  3893 | D:3      | Reached XP level 3. HP: 0/21 MP: 1/8
  3909 | D:3      | Noticed a nameless horror
  3934 | D:3      | Reached XP level 4. HP: 14/18 MP: 0/9
  3941 | D:3      | Killed a nameless horror
  4493 | D:4      | Reached skill level 5 in Summonings
  4510 | D:4      | Learned a level 3 spell: Summon Guardian Golem
  4514 | D:4      | Noticed a black bear
  4539 | D:4      | Slain by a black bear

Illustrated notes

Levels and vault maps discovered:
D:1:      enne_arrival_octagon_isle, layout_loops_cross
D:2:      layout_basic, minivault_23, patterned_corridor
D:3:      layout_basic
D:4:      layout_gridville, uniq_grinder, uniq_menkaure

Skill      XL: |  1  2  3  4 |
---------------+-------------+-----
Dodging        | 3 4 |  4.7
Spellcasting   | 3 |  3.3
Summonings     | 5 |  5.0
Stealth        | |  2.6

Action                   |  1- 3 |  4- 6 || total
-------------------------+-------+-------++-------
Melee: Unarmed           |    18 |    11 ||    29
       Bite              |       |     1 ||     1
 Cast: Summon Small Mamm |    47 |     8 ||    55
       Call Imp          |    14 |    16 ||    30
       Call Canine Famil |     3 |    13 ||    16
       Summon Guardian G |       |     1 ||     1
  Use: Potion            |       |     1 ||     1
Armor: Skin              |     3 |     6 ||     9
Dodge: Dodged            |    44 |    43 ||    87

Table legend: (Time is in decaauts)
 A = Elapsed time spent in this place.
 B = Non-inter-level travel time spent in this place.
 C = Inter-level travel time spent in this place.
 D = Time resting spent in this place.
 E = Time spent auto-exploring this place.
 F = Levels seen in this place.
 G = Mean time per level.
                   A        B        C        D        E       F      G
               +--------+--------+--------+--------+--------+-----+--------+
         Total |   4149 |   4107 |     42 |   1930 |   1267 |   4 | 1037.2 |
       Dungeon |   4149 |   4107 |     42 |   1930 |   1267 |   4 | 1037.2 |
               +--------+--------+--------+--------+--------+-----+--------+

Top non-repeatable levels by time:
     D:2: 1539 daAuts
     D:3: 1180 daAuts
     D:1: 1072 daAuts
     D:4: 356 daAuts
